 Dungeon Sprint DCSS version 0.23-a0-183-gf37f6fb (webtiles) character file.

1390 digijack the Blocker (level 8, -3/123 HPs)
             Began as a Minotaur Fighter on Sept 23, 2018.
             Was a Follower of Jiyva.
             Slain by a demonic crawler (4 damage)
             ... in the Dungeon (Sprint I: "Red Sonja").
             The game lasted 00:03:56 (647 turns).

digijack the Blocker (Minotaur Fighter)              Turns: 647, Time: 00:03:57

Health: -3/123     AC:  9    Str: 28    XL:     8   Next: 40%
Magic:  7/7        EV: 11    Int:  5    God:    Jiyva [*.....]
Gold:   423        SH: 13    Dex: 10    Spells: 7/7 levels left

rFire    . . .     SeeInvis .   a - +0 flail
rCold    + . .     Gourm    .   c - +0 shield
rNeg     . . .     Faith    .   l - +2 ring mail {rC+}
rPois    .         Spirit   .   (helmet restricted)
rElec    .         Reflect  .   (no cloak)
rCorr    .         Harm     .   (no gloves)
MR       .....     NoTele   +   (no boots)
Stlth    ..........             (no amulet)
HPRegen  0.30/turn              (no ring)
MPRegen  0.10/turn              (no ring)

@: berserking (expiring), very quick
A: retaliatory headbutt, horns 2
a: Request Jelly, Renounce Religion


You were in the Dungeon.
You worshipped Jiyva.
Jiyva was aware of your devotion.
You were not hungry.

You visited 1 branch You collected 423 gold pieces.

Inventory:

Hand Weapons
 a - a +0 flail (weapon)
Armour
 c - a +0 shield (worn)
 l - a +2 ring mail of cold resistance (worn)
Scrolls
 k - a scroll of blinking
Potions
 d - a potion of might
 e - a potion of curing
 h - a potion of haste
 i - 2 potions of magic
Comestibles
 f - a ration


   Skills:
 + Level 11.2 Fighting
 + Level 11.0 Maces & Flails
 + Level 11.5 Armour
 + Level 3.3 Dodging
 + Level 0.8 Stealth
 + Level 11.8 Shields


You had 7 spell levels left.
You didn't know any spells.
Your spell library was empty.

Dungeon Overview and Level Annotations

Branches:
Dungeon (1/1)

Altars:
Cheibriados
Dithmenos
Elyvilon
Fedhas
Gozag
Hepliaklqana
Kikubaaqudgha
Makhleb
Nemelex Xobeh
Okawaru
Qazlal
Ru
Sif Muna
Trog
Uskayaw
Vehumet
Wu Jian
Xom
Yredelemnul
Zin
The Shining One
Jiyva
Lugonu

Shops:
D =


Innate Abilities, Weirdness & Mutations

You reflexively headbutt those who attack you in melee.
You have a pair of horns on your head.


Message History

You hit the demonic crawler but do no damage.
You headbutt the demonic crawler.
The demonic crawler is heavily wounded.
You block the demonic crawler's attack. x2; The demonic crawler hits you.
* * * LOW HITPOINT WARNING * * *
You sock the demonic crawler!
The demonic crawler is severely wounded.
You sock the demonic crawler! You headbutt the demonic crawler.
The demonic crawler is almost dead.
Your attacks no longer feel as feeble.
The demonic crawler hits you but does no damage.
You block the demonic crawler's attack. The demonic crawler hits you.
* * * LOW HITPOINT WARNING * * *
You thump the demonic crawler!
You kill the demonic crawler!
Your Maces & Flails skill increases to level 11!
Your Dodging skill increases to level 3!
The demonic crawler barely misses you. You furiously retaliate!
You headbutt the demonic crawler. The demonic crawler hits you.
You die...

##########################
#<.#.[)..#..'..#5_#..')s.#
#..'..#..').#.sK5.'..#§5§#
#..#####'#####@#4_####s§....#
#..####..#...#.#### ####..+
#..#__####..##)# ##
#..#_____##'#_.+
#⌠⌠#_.∩...'..._#
####_..__##_.#+# #_____###+#
#######


You could see a demonic crawler, a kobold demonologist and 2 iron imps.

Vanquished Creatures
  A kobold demonologist (D)
  2 demonic crawlers (D)
  A slime creature (D)
  Sigmund (D)
  A yak (D)
  An ogre (D)
  A jelly (D)
  Ijyb (D)
9 creatures vanquished.

Vanquished Creatures (others)
  A gargoyle (D)
  A floating eye (D)
  3 jellies (D)
5 creatures vanquished.

Grand Total: 14 creatures vanquished

Notes
Turn   | Place    | Note
-------+----------+-------------------------------------------
     0 | D        | digijack the Minotaur Fighter began the quest for the Orb.
     0 | D        | Reached XP level 1. HP: 19/19 MP: 0/0
     1 | D        | Noticed Ijyb
    12 | D        | Killed Ijyb
    12 | D        | Reached skill level 5 in Fighting
    12 | D        | Reached skill level 5 in Armour
    12 | D        | Reached XP level 2. HP: 29/29 MP: 1/1
    18 | D        | Noticed an ogre
    23 | D        | Killed an ogre
    23 | D        | Reached skill level 5 in Maces & Flails
    23 | D        | Reached XP level 3. HP: 6/38 MP: 2/2
    23 | D        | Reached XP level 4. HP: 7/45 MP: 3/3
   290 | D        | Noticed Sigmund
   300 | D        | Killed Sigmund
   300 | D        | Reached XP level 5. HP: 40/56 MP: 4/4
   300 | D        | Reached XP level 6. HP: 45/62 MP: 5/5
   395 | D        | Found a deep blue altar of Sif Muna.
   396 | D        | Found an ornate altar of the Wu Jian Council.
   397 | D        | Found a radiant altar of Vehumet.
   407 | D        | Found Feuleneq's Jewellery Emporium.
   407 | D        | Found an ancient bone altar of Kikubaaqudgha.
   407 | D        | Found a hazy altar of Hepliaklqana.
   407 | D        | Found a stormy altar of Qazlal.
   407 | D        | Found a hide-covered altar of Uskayaw.
   407 | D        | Found a blossoming altar of Fedhas.
   407 | D        | Found a bloodstained altar of Trog.
   407 | D        | Found an iron altar of Okawaru.
   407 | D        | Found a basalt altar of Yredelemnul.
   407 | D        | Found a glowing golden altar of the Shining One.
   407 | D        | Found a snail-covered altar of Cheibriados.
   407 | D        | Found a sacrificial altar of Ru.
   407 | D        | Found a glowing silver altar of Zin.
   407 | D        | Found a shadowy altar of Dithmenos.
   407 | D        | Found a white marble altar of Elyvilon.
   407 | D        | Noticed a yak
   409 | D        | Killed a gargoyle
   420 | D        | Killed a yak
   421 | D        | Found an opulent altar of Gozag.
   422 | D        | Found a sparkling altar of Nemelex Xobeh.
   585 | D        | Found a viscous altar of Jiyva.
   585 | D        | Found a corrupted altar of Lugonu.
   585 | D        | Noticed a slime creature
   586 | D        | Found a burning altar of Makhleb.
   586 | D        | Found a shimmering altar of Xom.
   593 | D        | Killed a slime creature
   593 | D        | Reached skill level 10 in Fighting
   593 | D        | Reached skill level 10 in Armour
   593 | D        | Reached skill level 10 in Shields
   593 | D        | Reached XP level 7. HP: 55/72 MP: 6/6
   595 | D        | Became a worshipper of Jiyva Jasac the Shapeless
   609 | D        | Noticed a kobold demonologist
   610 | D        | Noticed a kobold demonologist
   613 | D        | Noticed a demonic crawler
   613 | D        | Noticed a demonic crawler
   613 | D        | Noticed a demonic crawler
   613 | D        | Noticed a demonic crawler
   616 | D        | Reached * piety under Jiyva
   617 | D        | Noticed a red devil
   619 | D        | Noticed an orange demon
   619 | D        | Killed a kobold demonologist
   619 | D        | Reached skill level 1 in Dodging
   638 | D        | Killed a demonic crawler
   638 | D        | Reached skill level 10 in Maces & Flails
   638 | D        | Reached XP level 8. HP: 27/82 MP: 7/7
   643 | D        | HP: 3/123 [demonic crawler (6)]
   645 | D        | HP: 1/123 [demonic crawler (3)]
   646 | D        | Killed a demonic crawler
   647 | D        | Slain by a demonic crawler

Vault maps used:
D:        dungeon_sprint_1

Skill      XL: |  1  2  3  4  5  6  7  8 |
---------------+-------------------------+-----
Fighting       | 5 6 8 10 11 | 11.2
Maces & Flails | 4 5 6 8 10 11 | 11.0
Armour         | 5 6 8 10 11 | 11.5
Shields        | 4 6 8 10 11 | 11.8
Dodging        | 2 3 |  3.3
Stealth        | |  0.8

Action                   |  1- 3 |  4- 6 |  7- 9 || total
-------------------------+-------+-------+-------++-------
Melee: Flail             |    14 |    31 |    26 ||    71
       Headbutt          |     4 |     6 |     5 ||    15
  Use: Potion            |       |       |     2 ||     2
Armor: Scale mail        |     3 |       |       ||     3
       Ring mail         |       |     3 |    13 ||    16
Dodge: Dodged            |     5 |     8 |    18 ||    31
Block: Shield            |     6 |     9 |    31 ||    46

Table legend:
 A = Non-vault XP
 B = Vault XP
 C = Vault XP percentage of total XP
 D = Non-vault monster count
 E = Vault monster count
 F = Vault count percentage of total count
                 A         B        C        D         E       F
            +---------+---------+-------+---------+---------+-------
      Total |       0 |    1987 | 100.0 |       0 |       9 | 100.0
            +---------+---------+-------+---------+---------+-------
          D |       0 |    1987 | 100.0 |       0 |       9 | 100.0
            +---------+---------+-------+---------+---------+-------
